 Dungeon Crawl Stone Soup version 0.19.1 (webtiles) character file.

77 Lilleppy the Poker (level 4, 0/34 HPs)
             Began as a Merfolk Gladiator on Dec 8, 2016.
             Slain by a gnoll
             ... wielding a +0 halberd
              (11 damage)
             ... on level 3 of the Dungeon.
             The game lasted 00:04:51 (1380 turns).

Lilleppy the Poker (Merfolk Gladiator)              Turns: 1380, Time: 00:04:51

Health: 0/34       AC:  5    Str: 16    XL:     4   Next: 34%
Magic:  4/4        EV: 14    Int:  7    God:
Gold:   133        SH:  0    Dex: 14    Spells: 0 memorised, 3 levels left

rFire  . . .     SeeInvis .     a - +0 trident
rCold  . . .     Gourm    .     b - +0 leather armour
rNeg   . . .     Faith    .     (no shield)
rPois  .         Spirit   .     c - +0 helmet
rElec  .         Reflect  .     s - +0 cloak
rCorr  .         Harm     .     (no gloves)
MR     +....                    (no boots)
Stlth  +.........               (no amulet)
                                (no ring)
                                k - ring of protection from magic

@: no status effects
A: change form in water, swift swim, stealthy swim
a: no special abilities


You were on level 3 of the Dungeon.
You were near starving.

You visited 1 branch of the dungeon, and saw 3 of its levels.

You collected 133 gold pieces.

Inventory:

Hand Weapons
 a - a +0 trident (weapon)
Missiles
 d - 3 throwing nets (quivered)
Armour
 b - a +0 leather armour (worn)
 c - a +0 helmet (worn)
 s - a +0 cloak (worn)
Jewellery
 k - a ring of protection from magic (left hand)
Scrolls
 h - 6 scrolls of identify {unknown}
 j - a scroll of enchant weapon {unknown}
 l - a scroll of remove curse {unknown}
 p - a scroll of blinking {unknown}
Potions
 e - 2 potions of curing {unknown}
 g - 2 potions of lignification {unknown}
 m - a potion of resistance {unknown}
 n - 2 potions of beneficial mutation {unknown}
 o - a potion of haste {unknown}
 q - a potion of magic {unknown}
 t - a potion of might {unknown}
Books
 r - a book of Minor Magic

   Spells                             Type                      Level
   a - Magic Dart                     Conjuration                  1
   b - Blink                          Translocation                2
   c - Call Imp                       Summoning                    2
   d - Repel Missiles                 Charms/Air                   2
   e - Slow                           Hexes                        2
   f - Conjure Flame                  Conjuration/Fire             3
   g - Mephitic Cloud                 Conjuration/Poison/Air       3
Comestibles
 f - 5 bread rations
 i - a royal jelly


   Skills:
 + Level 2.6 Fighting
 + Level 6.0 Polearms
 + Level 2.0 Throwing
 + Level 0.2 Armour
 + Level 4.9 Dodging
 + Level 0.2 Stealth


You had 3 spell levels left.
You didn't know any spells.

Dungeon Overview and Level Annotations

Branches:
Dungeon (3/15)

Altars:


Message History

You closely miss the gnoll. The gnoll misses you. x2
A jackal and an orc come into view.
You hit the gnoll.
The gnoll is moderately wounded.
The gnoll hits you.
A bat comes into view.
You hit the gnoll but do no damage.
The gnoll is moderately wounded.
The gnoll hits you with a halberd! The gnoll misses you.
The gnoll closely misses you.
An orc comes into view. It is wielding an enchanted dagger.
The orc shouts!
You puncture the gnoll!
The gnoll is severely wounded.
The gnoll hits you with a halberd! The gnoll barely misses you.
An orc comes into view.
You can't go down here!
The orc shouts!
The bat closely misses you. The gnoll hits you with a halberd!
You die...

#######
#.....g##
.....gg@#
......bg.#
.......oh#
.........#
?.......o.
.........#.
.......o...
........o.
.


You could see 4 gnolls, 4 orcs, a jackal and a bat.

Vanquished Creatures
  Jessica (D:2)
  A dart slug (D:1)
  A leopard gecko (D:1)
  5 bats (D:2)
  2 giant cockroaches (D:1)
  4 goblins
  5 hobgoblins
  9 jackals
  6 kobolds
  A quokka (D:2)
  6 frilled lizards
  3 rats
44 creatures vanquished.

Notes
Turn   | Place    | Note
-------+----------+-------------------------------------------
     0 | D:1      | Lilleppy the Merfolk Gladiator began the quest for the Orb.
     0 | D:1      | Reached XP level 1. HP: 16/16 MP: 1/1
   154 | D:1      | Reached XP level 2. HP: 23/23 MP: 2/2
   496 | D:2      | Noticed Jessica
   506 | D:2      | Killed Jessica
   506 | D:2      | Reached skill level 5 in Polearms
   506 | D:2      | Reached XP level 3. HP: 27/28 MP: 3/3
   854 | D:2      | Reached XP level 4. HP: 32/34 MP: 4/4
   940 | D:2      | Reached skill level 6 in Polearms
  1380 | D:3      | Slain by a gnoll

Skill      XL: |  1  2  3  4 |
---------------+-------------+-----
Polearms       | 5 6 |  6.0
Fighting       | |  2.6
Throwing       | |  2.0
Armour         | |  0.2
Dodging        | |  4.9
Stealth        | |  0.2

Action                   |  1- 3 |  4- 6 || total
-------------------------+-------+-------++-------
Melee: Trident           |    70 |    82 ||   152
 Stab: Sleeping          |     1 |       ||     1
Armor: Leather armour    |    33 |    22 ||    55
Dodge: Dodged            |    79 |    78 ||   157
